 Dungeon Crawl Stone Soup version 0.27.0-1-g7a089689b8 (webtiles) character file.

Game seed: 6446294164753265010

128 dtburroughs the Skirmisher (level 5, -7/49 HPs)
             Began as a Gargoyle Berserker on Aug 4, 2021.
             Was a Believer of Trog.
             Mangled by an orc warrior (15 damage)
             ... on level 3 of the Dungeon.
             The game lasted 00:02:50 (3085 turns).

dtburroughs the Skirmisher (Gargoyle Berserker)     Turns: 3085, Time: 00:02:51

Health: -7/49      AC: 10    Str: 21    XL:     5   Next: 11%
Magic:  5/5        EV: 12    Int:  7    God:    Trog [**....]
Gold:   109        SH:  0    Dex: 10    Spells: 4/4 levels left

rFire    . . .     SeeInvis .   a - +0 mace
rCold    . . .     Faith    .   (no shield)
rNeg     + . .     Spirit   .   e - +3 leather armour
rPois    ∞         Reflect  .   (no helmet)
rElec    +         Harm     .   (no cloak)
rCorr    .         Rampage  .   (no gloves)
Will     .....                  (no boots)
Stlth    ..........             (no amulet)
HPRegen  0.16/turn              (no ring)
MPRegen  0.09/turn              (no ring)

@: berserking, very quick
A: sickness immunity, AC +4, negative energy resistance 1, electricity
resistance, torment resistance 1, petrification resistance
a: Renounce Religion, Berserk, Trog's Hand


You were on level 3 of the Dungeon.
You worshipped Trog.
Trog was pleased with you.
You visited 1 branch of the dungeon, and saw 3 of its levels.

You collected 109 gold pieces.

Inventory:

Hand Weapons
 a - a +0 mace (weapon)
Armour
 b - a +0 animal skin
 e - a +3 leather armour (worn)
Scrolls
 c - a scroll of magic mapping {unknown}
 f - a scroll of acquirement {unknown}
 g - 2 scrolls of enchant armour {unknown}
 h - 2 scrolls of identify {unknown}
 i - a scroll of teleportation {unknown}
Potions
 d - a potion of curing {unknown}


   Skills:
 + Level 4.2 Fighting
 + Level 3.8 Maces & Flails
 + Level 3.3 Armour
 + Level 2.4 Dodging


You had 4 spell levels left.
You didn't know any spells.
Your spell library was empty.

Dungeon Overview and Level Annotations

Branches:
Dungeon (3/15)

Altars:

Shops:
D:2 *:


Innate Abilities, Weirdness & Mutations

You are immune to sickness and miasma.
Your stone body is resilient. (AC +4)
You are immune to poison.
You resist negative energy. (rN+)
You are resistant to electric shocks. (rElec)
You are resistant to unholy torment.
You are immune to petrification.


Message History

You hit the orc priest.
The orc priest is moderately wounded.
The orc priest hits you but does no damage.
You barely miss the orc priest.
The orc priest is moderately wounded.
The orc priest completely misses you.
You hit the orc priest but do no damage.
The orc priest is moderately wounded.
The orc priest barely misses you.
You barely miss the orc priest.
The orc priest is moderately wounded.
The orc priest hits you with a +0 short sword.
The orc priest barely misses you.
You barely miss the orc priest.
The orc priest is moderately wounded.
The orc priest hits you but does no damage.
The orc warrior misses you.
You hit the orc priest but do no damage.
The orc priest is moderately wounded.
The orc warrior barely misses you.
The orc priest hits you but does no damage.
A red film seems to cover your vision as you go berserk!
You feel yourself moving faster!
You feel mighty!
The orc warrior hits you from afar with a +0 trident.
The orc priest closely misses you.
You sock the orc priest!
The orc priest is almost dead.
The orc warrior misses you.
The orc priest hits you but does no damage.
You hit the orc priest.
You kill the orc priest!
Trog accepts your kill.
The orc warrior hits you from afar with a +0 trident!
* * * LOW HITPOINT WARNING * * *
You have reached level 5!
Things that are here:
a +0 short sword; a +0 leather armour; an orc corpse You barely miss the orc warrior.
The orc warrior hits you with a +0 trident!
You die...

## .# . .## ##### .. ..#
####### ..... ... ..##
#.....#...... ..$.
#..####.....#......
.....##..........#......
........####....<....###
......)o@...............
.....#######.....##....
.... ## ####..## .. >..
... #.....## ..
#.##....##...## .
#....### #....# #..##
###....# #....##.....##
.### #.......##


You could see an orc warrior.

Vanquished Creatures
  2 orc priests (D:3)
  2 adders (D:2)
  A dart slug (D:2)
  2 orcs
  5 ball pythons
  2 bats (D:1)
  5 endoplasms
  A giant cockroach (D:2)
  5 goblins
  2 hobgoblins (D:2)
  2 jackals (D:1)
  3 quokkas (D:1)
  A frilled lizard (D:1)
  7 kobolds
  6 rats
46 creatures vanquished.

Notes
Turn   | Place    | Note
-------+----------+-------------------------------------------
     0 | D:1      | dtburroughs the Gargoyle Berserker began the quest for the
                  | Orb.
     0 | D:1      | Reached XP level 1. HP: 14/14 MP: 1/1
   941 | D:1      | Reached XP level 2. HP: 19/19 MP: 2/2
  1691 | D:1      | Reached XP level 3. HP: 15/23 MP: 3/3
  2284 | D:2      | Reached ** piety under Trog
  2616 | D:2      | Found Jotuxt's Book Shop.
  2734 | D:2      | Reached XP level 4. HP: 29/29 MP: 4/4
  2799 | D:2      | Found Wacy's Assorted Antiques.
  2997 | D:3      | Found a faded altar of an unknown god.
  3072 | D:3      | Reached skill level 4 in Fighting
  3072 | D:3      | Noticed an orc warrior
  3084 | D:3      | Reached XP level 5. HP: 8/33 MP: 5/5
  3085 | D:3      | Mangled by an orc warrior

Illustrated notes

Levels and vault maps discovered:
D:1:      dpeg_arrival_circle_labyrinth_b, layout_basic
D:2:      minmay_diamond_boxcup, layout_loops_ring, serial_shops,
          nicolae_shop_temple_entry_statues_fountains, nicolae_diamond_shop
D:3:      layout_rooms, mainiacjoe_overflow_paths,
          mainiacjoe_overflow_tiny_flanked, nicolae_vehumet_altar_sigil,
          hellmonk_ecumenical_altar_blasted, hex_large, minivault_19, uniq_ijyb

Skill      XL: |  1  2  3  4 |
---------------+-------------+-----
Dodging        | 2 |  2.4
Armour         | 3 |  3.3
Fighting       | 4 |  4.2
Maces & Flails | |  3.8

Action                   |  1- 3 |  4- 6 || total
-------------------------+-------+-------++-------
Melee: Mace              |   126 |    23 ||   149
Invok: Berserk           |       |     1 ||     1
       Trog's Hand       |       |     1 ||     1
 Stab: Sleeping          |     1 |       ||     1
Armor: Animal skin       |    28 |       ||    28
       Leather armour    |    17 |     8 ||    25
Dodge: Dodged            |    75 |    12 ||    87
